AoeStats
← BouncyBear

Arabia

509496775Analyzed
1v1 RM · 5d ago on Sep 27, 2026· 16m 25s· 2 players
Game mode
Random Map
Map size
Tiny (2 player)
Population
200
Speed
Normal
Resources
Standard
Victory
Conquest
Starting age
Dark Age
Ending age
Imperial Age
RankedLock teamsTeams togetherTeam positionsShared explorationLock speedFull tech treeHidden civsTurbo modeCheats
Victory
Defeat
🇨🇱 Varangians · Chile
1391
+19
🇩🇰 Dravidians · Denmark
1449
-19
BouncyBear
6:21 Loom
6:24 Loom
9:18 Feudal Age
12:07 Double-Bit Axe
<SL> ReyCaído
5:42 Loom
8:35 Feudal Age
10:38 Double-Bit Axe
11:41 Horse Collar
12:38 Bloodlines
Connection lost

Rejoining the realm…

Still unreachable

The connection could not be restored.

Session expired

The server has moved on; the page needs a fresh start.